 Dungeon Crawl Stone Soup version bcrawl-1.13.2 (webtiles) character file.

Game seed: 16181653790568848926

222 Felnil the Shield-Bearer (level 5, -2/47 HPs)
             Began as a Gnoll Fighter on Aug 11, 2019.
             Slain by a worm (6 damage)
             ... on level 3 of the Dungeon.
             The game lasted 00:05:06 (1644 turns).

Felnil the Shield-Bearer (Gnoll Fighter)            Turns: 1644, Time: 00:05:06

Health: -2/47      AC:  7    Str: 19    XL:     5   Next: 99%
Magic:  7/7        EV:  9    Int: 13    God:
Gold:   73         SH: 11    Dex: 15    Spells: 7/7 levels left

rFire    . . .     SeeInvis .   m - +1 whip (freeze)
rCold    . . .     Gourm    .   c - +0 shield
rNeg     . . .     Faith    .   b - +0 scale mail
rPois    .         Spirit   .   (no helmet)
rElec    .         Reflect  .   (no cloak)
rCorr    .         Harm     .   (no gloves)
MR       .....                  (no boots)
Stlth    +.........             (no amulet)
HPRegen  0.15/turn              k - +3 ring of intelligence
MPRegen  0.10/turn              (no ring)

@: no status effects
A: distributed training, fangs 1, strong nose
a: no special abilities


You were on level 3 of the Dungeon.
You were hungry.

You visited 1 branch of the dungeon, and saw 3 of its levels.

You collected 73 gold pieces.

Inventory:

Hand Weapons
 a - a +0 war axe
 m - a +1 whip of freezing (weapon)
Missiles
 h - 50 tomahawks (quivered)
 j - 186 poisoned needles
 l - 160 arrows
 o - 87 bolts
Armour
 b - a +0 scale mail (worn)
 c - a +0 shield (worn)
Jewellery
 k - a +3 ring of intelligence (left hand)
 n - an uncursed ring of poison resistance {unknown}
Scrolls
 e - 4 scrolls of teleportation
 g - 2 scrolls of remove curse {unknown}
 i - 2 scrolls of identify {unknown}
 p - 4 scrolls of magic mapping {unknown}
Potions
 d - a potion of might
Comestibles
 f - 6 rations {!d}


   Skills:
 + Level 6.7 Fighting
 + Level 1.6 Short Blades
 + Level 1.6 Long Blades
 + Level 4.8 Axes
 + Level 1.6 Maces & Flails
 + Level 1.6 Polearms
 + Level 1.6 Staves
 + Level 1.6 Slings
 + Level 1.6 Bows
 + Level 1.6 Crossbows
 + Level 1.6 Throwing
 + Level 6.7 Armour
 + Level 1.6 Dodging
 + Level 1.6 Stealth
 + Level 6.7 Shields
 + Level 1.6 Unarmed Combat
 + Level 1.6 Spellcasting
 + Level 1.3 Conjurations
 + Level 1.3 Hexes
 + Level 1.3 Charms
 + Level 1.3 Summonings
 + Level 1.3 Necromancy
 + Level 1.3 Translocations
 + Level 1.3 Transmutations
 + Level 1.3 Fire Magic
 + Level 1.3 Ice Magic
 + Level 1.3 Air Magic
 + Level 1.3 Earth Magic
 + Level 1.3 Poison Magic
 + Level 1.9 Invocations
 + Level 1.6 Evocations


You had 7 spell levels left.
You didn't know any spells.
Your spell library was empty.

Dungeon Overview and Level Annotations

Branches:
Dungeon (3/12)

Altars:


Innate Abilities, Weirdness & Mutations

Your experience applies equally to all skills.
You have very sharp teeth.
Your uncanny sense of smell can sniff out nearby items.


Message History

You kill the kobold!
You feel sick.
You hit the orc. You freeze the orc.
You kill the orc!
You hit the kobold. You freeze the kobold.
You kill the kobold!
You hit the gnoll. You freeze the gnoll.
The gnoll is heavily wounded.
The gnoll barely misses you.
You closely miss the gnoll.
The gnoll is heavily wounded.
You feel sick.
You are no longer poisoned.
You block the gnoll's attack.
You hit the gnoll. You freeze the gnoll.
You kill the gnoll!
Your scale mail prevents you from hitting the worm.
You hit the worm but do no damage. The worm barely misses you.
You hit the worm but do no damage. The worm bites you.
You die...

∆ ###.....
.......
#....S
#.... #...
#.. #.# ∆
#w# ∆ #@#
#.# #†#
#.## ##..#
#...#
#......#.#
#....###.#
#...# #.#


You could see a worm.

Vanquished Creatures
  A bullfrog (D:3)
  4 gnolls (D:3)
  4 adders
  An ooze (D:1)
  A worm (D:3)
  5 dart slugs (D:2)
  6 leopard geckos
  An orc (D:3)
  A ball python (D:2)
  5 bats
  5 giant cockroaches
  7 goblins
  3 hobgoblins
  2 jackals (D:2)
  A quokka (D:2)
  3 frilled lizards
  9 kobolds
  3 rats
62 creatures vanquished.

Notes
Turn   | Place    | Note
-------+----------+-------------------------------------------
     0 | D:1      | Felnil the Gnoll Fighter began the quest for the Orb.
     0 | D:1      | Reached XP level 1. HP: 23/23 MP: 1/1
    45 | D:1      | Reached XP level 2. HP: 29/29 MP: 2/2
   324 | D:1      | Reached XP level 3. HP: 35/35 MP: 3/3
   658 | D:2      | Reached skill level 1 in Invocations
   858 | D:2      | Reached skill level 1 in Short Blades
   858 | D:2      | Reached skill level 1 in Long Blades
   858 | D:2      | Reached skill level 1 in Maces & Flails
   858 | D:2      | Reached skill level 1 in Polearms
   858 | D:2      | Reached skill level 1 in Staves
   858 | D:2      | Reached skill level 1 in Slings
   858 | D:2      | Reached skill level 1 in Bows
   858 | D:2      | Reached skill level 1 in Crossbows
   858 | D:2      | Reached skill level 1 in Throwing
   858 | D:2      | Reached skill level 1 in Dodging
   858 | D:2      | Reached skill level 1 in Stealth
   858 | D:2      | Reached skill level 1 in Unarmed Combat
   858 | D:2      | Reached skill level 1 in Spellcasting
   858 | D:2      | Reached skill level 1 in Evocations
   895 | D:2      | Reached XP level 4. HP: 41/41 MP: 5/5
  1342 | D:3      | Noticed a bullfrog
  1348 | D:3      | Killed a bullfrog
  1348 | D:3      | Reached skill level 1 in Conjurations
  1348 | D:3      | Reached skill level 1 in Hexes
  1348 | D:3      | Reached skill level 1 in Charms
  1348 | D:3      | Reached skill level 1 in Summonings
  1348 | D:3      | Reached skill level 1 in Necromancy
  1348 | D:3      | Reached skill level 1 in Translocations
  1348 | D:3      | Reached skill level 1 in Transmutations
  1348 | D:3      | Reached skill level 1 in Fire Magic
  1348 | D:3      | Reached skill level 1 in Ice Magic
  1348 | D:3      | Reached skill level 1 in Air Magic
  1348 | D:3      | Reached skill level 1 in Earth Magic
  1348 | D:3      | Reached skill level 1 in Poison Magic
  1348 | D:3      | Reached XP level 5. HP: 29/47 MP: 5/7
  1644 | D:3      | Slain by a worm

Skill      XL: |  1  2  3  4 |
---------------+-------------+-----
Invocations    | 1 |  1.9
Short Blades   | 1 |  1.6
Long Blades    | 1 |  1.6
Maces & Flails | 1 |  1.6
Polearms       | 1 |  1.6
Staves         | 1 |  1.6
Slings         | 1 |  1.6
Bows           | 1 |  1.6
Crossbows      | 1 |  1.6
Throwing       | 1 |  1.6
Dodging        | 1 |  1.6
Stealth        | 1 |  1.6
Unarmed Combat | 1 |  1.6
Spellcasting   | 1 |  1.6
Evocations     | 1 |  1.6
Conjurations   | 1 |  1.3
Hexes          | 1 |  1.3
Charms         | 1 |  1.3
Summonings     | 1 |  1.3
Necromancy     | 1 |  1.3
Translocations | 1 |  1.3
Transmutations | 1 |  1.3
Fire Magic     | 1 |  1.3
Ice Magic      | 1 |  1.3
Air Magic      | 1 |  1.3
Earth Magic    | 1 |  1.3
Poison Magic   | 1 |  1.3
Fighting       | |  6.7
Axes           | |  4.8
Armour         | |  6.7
Shields        | |  6.7

Action                   |  1- 3 |  4- 6 || total
-------------------------+-------+-------++-------
Melee: War axe           |    37 |       ||    37
       Bite              |    13 |    14 ||    27
       Whip              |    64 |   119 ||   183
  Use: Potion            |       |     3 ||     3
       Scroll            |       |     1 ||     1
  Eat: Chunk             |       |     2 ||     2
Armor: Scale mail        |    33 |    34 ||    67
Dodge: Dodged            |    34 |    21 ||    55
Block: Shield            |    61 |    62 ||   123
